 Dungeon Crawl Stone Soup version 0.19.1 (webtiles) character file.

63545 Vedraith the Fencer (level 14, -2/129 HPs)
             Began as a Minotaur Fighter on Dec 23, 2016.
             Was the Champion of Okawaru.
             Slain by a wolf spider (7 damage)
             ... on level 1 of the Spider Nest.
             The game lasted 01:16:02 (20539 turns).

Vedraith the Fencer (Minotaur Fighter)             Turns: 20539, Time: 01:16:03

Health: -2/129     AC: 27    Str: 27    XL:     14   Next: 68%
Magic:  13/13      EV:  6    Int:  5    God:    Okawaru [******]
Gold:   1364       SH:  0    Dex:  9    Spells: 0 memorised, 13 levels left

rFire  + . .     SeeInvis .     G - +7 demon blade (freeze)
rCold  + . .     Gourm    .     v - +2 plate armour {rF+}
rNeg   . . .     Faith    .     m - +0 large shield
rPois  +         Spirit   .     z - +1 hat {MR+}
rElec  .         Reflect  .     g - +1 cloak
rCorr  .         Harm     .     I - +1 pair of gloves "Ximoaw" {rC+}
MR     ++...                    (no boots)
Stlth  ..........               (no amulet)
                                s - ring of poison resistance
                                y - +3 ring of protection

@: confused
A: retaliatory headbutt, horns 2
a: Heroism, Finesse, Renounce Religion


You were on level 1 of the Spider Nest.
You worshipped Okawaru.
Okawaru was exalted by your worship.
You were not hungry.

You visited 5 branches of the dungeon, and saw 25 of its levels.

You collected 2100 gold pieces.
You spent 736 gold pieces at shops.

Inventory:

Hand Weapons
 G - a +7 demon blade of freezing (weapon)
Armour
 g - a +1 cloak (worn)
 m - a +0 large shield (worn)
 v - a +2 plate armour of fire resistance (worn)
 z - a +1 hat of magic resistance (worn)
 I - the +1 pair of gloves "Ximoaw" (worn) {rC+}
   (You bought it in a shop on level 7 of the Dungeon)

   It protects you from cold.
Jewellery
 n - an uncursed ring of see invisible
 p - an uncursed ring of flight
 s - a ring of poison resistance (right hand)
 u - an uncursed ring of protection from magic
 y - a +3 ring of protection (left hand)
 A - a +3 ring of strength
 K - a +4 ring of strength
Wands
 c - a wand of disintegration (24/24)
Scrolls
 e - 4 scrolls of magic mapping
 j - 14 scrolls of remove curse
 o - 8 scrolls of enchant armour
 q - 9 scrolls of teleportation
 t - 9 scrolls of identify
 D - 3 scrolls of fog
 O - a scroll of silence
Potions
 a - 5 potions of curing
 b - a potion of haste
 d - a potion of resistance
 R - a potion of magic
Comestibles
 f - 16 bread rations
 l - 8 meat rations
 r - 7 slices of pizza
 H - 3 beef jerkies
 M - 4 fruits
 Q - a royal jelly
 W - a chunk of flesh


   Skills:
 + Level 13.6 Fighting
 + Level 19.7 Long Blades
 - Level 1.0 Throwing
 + Level 13.4 Armour
 - Level 1.0 Dodging
 + Level 13.3 Shields


You had 13 spell levels left.
You didn't know any spells.

Dungeon Overview and Level Annotations

Branches:
Dungeon (15/15)            Temple (1/1) D:6            Lair (6/6) D:8
  Swamp (0/4) Lair:4       Spider (1/4) Lair:2        Slime (0/5) Lair:6
    Orc (2/2) D:10            Elf (0/3) Orc:2        Vaults (0/5) D:14
 Depths: D:15

Altars:
Ashenzari
Cheibriados
Dithmenos
Elyvilon
Fedhas
Gozag
Hepliaklqana
Kikubaaqudgha
Makhleb
Nemelex Xobeh
Okawaru
Qazlal
Ru
Sif Muna
Trog
Uskayaw
Vehumet
Xom
Yredelemnul
Zin
The Shining One
Jiyva

Shops:
D:4 =*   D:7 [   D:10 !:[(   D:12 :   D:14 *   Orc:2 [=%=!

Portals:
Trove: D:12 (lose all piety)

Annotations:
D:10 exclusion: ice statue
Lair:1 exclusion: oklob plant


Innate Abilities, Weirdness & Mutations

You reflexively headbutt those who attack you in melee.
You have a pair of horns on your head.


Message History

The wolf spider hits you but does no damage.
The wolf spider bites you but does no damage.
You slash the wolf spider! You freeze the wolf spider.
You headbutt the wolf spider, but do no damage.
The wolf spider is moderately wounded.
The redback bites you but does no damage. x2
The tarantella bites you but does no damage.
The wolf spider hits you but does no damage.
The wolf spider bites you but does no damage.
You're too confused to move!
The redback bites you.
* * * LOW HITPOINT WARNING * * *
The redback bites you but does no damage.
The tarantella barely misses you. The wolf spider completely misses you.
The wolf spider bites you.
* * * LOW HITPOINT WARNING * * *
The redback bites you but does no damage.
The redback bites you!
* * * LOW HITPOINT WARNING * * *
The wolf spider hits you!
You die...

.....^. . ..
.....^..............#.
.................#....
........}.............
.....#.........#.....#
........#............[.
..............##....#..
.#.......^#)..ssss......
...............†@s..#...
..........^.............
.......##^†...>....#....
....#....†††.....)......
........†...............
................^.......
.......<...[........#.(.
#.......................
#..#...#....#......#.


You could see a wolf spider, 2 tarantellas and 2 redbacks.

Vanquished Creatures
  An ogre mage (Orc:2)
  Erolcha (D:9)
  A rakshasa (D:15)
  A catoblepas (D:13)
  3 centaur warriors
  Urug (Orc:1)
  A tengu warrior (D:10)
  3 orc high priests (Orc:2)
  Nergalle (D:11)
  2 unseen horrors
  9 hill giants
  The ghost of Apogee the Archer, a novice CeHu of Okawaru (D:7)
  A necromancer (D:14)
  4 orc knights
  An orb spider (shapeshifter) (D:15)
  2 orb spiders
  2 cyclopes
  4 orc sorcerers (Orc:2)
  4 deep elf magi
  2 wolf spiders (Spider:1)
  3 manticores (D:15)
  2 ugly things
  3 black mambas
  4 spiny frogs
  Psyche (D:10)
  A gargoyle (D:11)
  A kobold demonologist (D:14)
  2 centaur skeletons
  A rime drake (shapeshifter) (D:14)
  A freezing wraith (D:14)
  2 komodo dragons
  A demonic crawler (Spider:1)
  A harpy zombie (D:14)
  A tengu conjurer (D:14)
  3 hornets
  2 polar bears
  2 jumping spiders (Spider:1)
  11 trolls
  2 two-headed ogres (Orc:2)
  6 hippogriffs
  7 blink frogs
  2 harpy skeletons (D:15)
  A shadow (D:14)
  A wraith (D:11)
  12 redbacks (Spider:1)
  6 tarantellas (Spider:1)
  A spriggan (shapeshifter) (D:15)
  5 wyverns
  Eustachio (D:5)
  29 yaks
  13 vampire mosquitoes
  A basilisk (Lair:1)
  A basilisk (shapeshifter) (D:15)
  4 hungry ghosts
  Duvessa (D:6)
  11 water moccasins
  8 porcupines
  2 sky beasts
  2 phantoms
  3 ice beasts
  A hornet zombie (D:7)
  A black bear (D:6)
  An elephant zombie (Lair:5)
  14 necrophages
  6 boggarts (D:15)
  An eye of draining (D:15)
  9 wolves
  27 orc warriors
  17 ogres
  8 crocodiles
  9 centaurs
  A big kobold (D:10)
  12 bullfrogs
  Dowan (D:6)
  4 scorpions
  9 killer bees
  17 wights
  2 howler monkeys
  4 electric eels
  2 bullfrog zombies (D:10)
  5 crimson imps
  3 hounds
  A quasit (D:9)
  3 centaur zombies
  6 jellies
  22 orc priests
  3 bullfrog skeletons
  21 orc wizards
  2 human skeletons (D:5)
  4 iguanas
  11 worker ants
  A crocodile zombie (Lair:5)
  A hound zombie (D:10)
  3 mummies (D:10)
  A howler monkey zombie (D:6)
  4 gnolls (D:4)
  18 adders
  A shadow imp (D:8)
  14 oozes (Lair:1)
  An adder zombie (D:7)
  An adder skeleton (D:6)
  4 worms
  2 dart slugs
  7 leopard geckos
  89 orcs
  5 giant cockroaches
  6 goblins
  5 hobgoblins
  6 jackals
  9 quokkas
  2 ball pythons (D:1)
  6 bats
  6 frilled lizards
  A jackal zombie (D:5)
  9 kobolds
  7 rats
  2 fungi
644 creatures vanquished.

Vanquished Creatures (others)
  A necromancer (Lair:5)
  A wolf spider (Spider:1)
  An ogre (D:5)
  An orc wizard (Orc:2)
  An adder (D:5)
  8 fungi
13 creatures vanquished.

Grand Total: 657 creatures vanquished

Notes
Turn   | Place    | Note
-------+----------+-------------------------------------------
     0 | D:1      | Vedraith the Minotaur Fighter began the quest for the Orb.
     0 | D:1      | Reached XP level 1. HP: 19/19 MP: 0/0
   133 | D:1      | Reached skill level 3 in Long Blades
   231 | D:1      | Reached XP level 2. HP: 26/26 MP: 1/1
   659 | D:1      | Reached skill level 4 in Long Blades
   941 | D:2      | Reached XP level 3. HP: 29/31 MP: 2/2
  1006 | D:2      | Found a bloodstained altar of Trog.
  1334 | D:2      | Found a radiant altar of Vehumet.
  1334 | D:2      | Found a glowing golden altar of the Shining One.
  1343 | D:2      | Found a faded altar of an unknown god.
  1345 | D:2      | Found a hazy altar of Hepliaklqana.
  1346 | D:2      | Found an ancient bone altar of Kikubaaqudgha.
  1387 | D:2      | Reached skill level 5 in Long Blades
  1413 | D:2      | Reached XP level 4. HP: 11/39 MP: 3/3
  1789 | D:2      | Found a blossoming altar of Fedhas.
  1793 | D:2      | Found a stormy altar of Qazlal.
  2052 | D:3      | Reached skill level 6 in Long Blades
  2058 | D:3      | Found an opulent altar of Gozag.
  2171 | D:3      | Reached XP level 5. HP: 44/45 MP: 4/4
  2311 | D:3      | Reached skill level 7 in Long Blades
  2746 | D:4      | Reached XP level 6. HP: 44/51 MP: 5/5
  2910 | D:4      | Found Eskiuj's Jewellery Shop.
  2925 | D:4      | Reached skill level 8 in Long Blades
  2988 | D:4      | Found an opulent altar of Gozag.
  2990 | D:4      | Found Gozag's Platinum Reserve.
  3128 | D:5      | Entered Level 5 of the Dungeon
  3128 | D:5      | Noticed an ice beast
  3136 | D:5      | Killed an ice beast
  3144 | D:5      | Reached skill level 9 in Long Blades
  3239 | D:5      | Found a runed door.
  3239 | D:5      | Noticed a human
  3239 | D:5      | Noticed Eustachio
  3271 | D:5      | Killed Eustachio
  3271 | D:5      | Reached XP level 7. HP: 39/57 MP: 6/6
  3378 | D:5      | Found a basalt altar of Yredelemnul.
  3397 | D:5      | Reached skill level 10 in Long Blades
  4084 | D:4      | Bought an uncursed ring of poison resistance for 240 gold pieces
  4181 | D:6      | Reached skill level 11 in Long Blades
  4182 | D:6      | Noticed Duvessa
  4188 | D:6      | Noticed Dowan
  4199 | D:6      | Killed Duvessa
  4199 | D:6      | Reached XP level 8. HP: 46/64 MP: 7/7
  4207 | D:6      | Killed Dowan
  4490 | D:6      | Reached skill level 12 in Long Blades
  4550 | D:6      | Found a staircase to the Ecumenical Temple.
  4558 | Temple   | Entered the Ecumenical Temple
  4617 | Temple   | Became a worshipper of Warmaster Okawaru
  4858 | D:6      | Found a glowing silver altar of Zin.
  4904 | D:6      | Reached skill level 13 in Long Blades
  5231 | D:7      | Reached * piety under Okawaru
  5231 | D:7      | Reached XP level 9. HP: 70/70 MP: 8/8
  5367 | D:7      | Reached skill level 14 in Long Blades
  5399 | D:7      | Noticed Apogee's ghost (novice CeHu)
  5421 | D:7      | Killed Apogee's ghost
  5421 | D:7      | Reached ** piety under Okawaru
  5627 | D:7      | Found Tekh's Antique Armour Boutique.
  5691 | D:7      | Reached skill level 15 in Long Blades
  6195 | D:7      | Gained mutation: Your body sometimes deteriorates upon taking damage. [potion of mutation]
  6195 | D:7      | Gained mutation: You are resistant to hostile enchantments. (MR+) [potion of mutation]
  6195 | D:7      | Gained mutation: You are resistant to electric shocks. (rElec) [potion of mutation]
  6402 | D:8      | Found a staircase to the Lair.
  6542 | D:7      | Bought a pair of ancient gloves for 256 gold pieces
  6552 | D:7      | Identified the +1 pair of gloves "Ximoaw" {rC+} (You bought it in a shop on level 7 of the Dungeon)
  6727 | D:8      | Reached skill level 16 in Long Blades
  6799 | D:8      | Got a crystal spear
  6801 | D:8      | Identified the +4 spear of Haod {pierce, rC++ rN+ Stlth+} (You found it on level 8 of the Dungeon)
  7005 | D:8      | Reached XP level 10. HP: 78/78 MP: 9/9
  7088 | D:9      | Reached *** piety under Okawaru
  7113 | D:9      | Reached skill level 1 in Throwing
  7113 | D:9      | Reached skill level 1 in Dodging
  7543 | D:9      | Noticed Erolcha
  7554 | D:9      | Killed Erolcha
  7554 | D:9      | Reached **** piety under Okawaru
  7554 | D:9      | Reached skill level 5 in Fighting
  7554 | D:9      | Reached skill level 5 in Shields
  7769 | D:8      | Paralysed by a hornet for 1 turns
  7797 | Lair:1   | Entered Level 1 of the Lair of Beasts
  7845 | Lair:1   | Noticed an oklob plant
  8159 | Lair:1   | Reached skill level 5 in Armour
  8241 | Lair:1   | Reached ***** piety under Okawaru
  8265 | Lair:1   | Received a gift from Okawaru
  8265 | Lair:1   | Reached XP level 11. HP: 61/91 MP: 10/10
  8314 | Lair:1   | Noticed a six-headed hydra
  9090 | Lair:2   | Found a hole to the Spider Nest.
  9090 | Lair:2   | Noticed an orb spider
  9113 | Lair:2   | Killed an orb spider
  9335 | Lair:2   | Noticed a six-headed hydra
  9485 | D:10     | Entered Level 10 of the Dungeon
  9485 | D:10     | Found Coiqoqar's Book Emporium.
  9506 | D:10     | Found Ugymosi's Antique Armour Shop.
  9545 | D:10     | Received a gift from Okawaru
  9573 | D:10     | Noticed a hill giant
  9586 | D:10     | Noticed a hill giant
  9598 | D:10     | Killed a hill giant
  9956 | D:10     | Found Qokaov's Antique Weapon Shop.
 10011 | D:10     | Reached skill level 17 in Long Blades
 10054 | D:10     | Found Xefracw's Distillery.
 10136 | D:10     | Bought a potion of curing for 51 gold pieces
 10137 | D:10     | Lost mutation: You are resistant to hostile enchantments. (MR+) [potion of cure mutation]
 10137 | D:10     | Lost mutation: Your body sometimes deteriorates upon taking damage. [potion of cure mutation]
 10137 | D:10     | Lost mutation: You are resistant to electric shocks. (rElec) [potion of cure mutation]
 10196 | D:10     | Noticed a tengu warrior
 10196 | D:10     | Noticed Psyche
 10198 | D:10     | Noticed a hill giant
 10212 | D:10     | Killed a hill giant
 10215 | D:10     | Killed Psyche
 10227 | D:10     | Killed a tengu warrior
 10319 | D:10     | Received a gift from Okawaru
 10327 | D:10     | Got a distressingly furry hat {god gift}
 10333 | D:10     | Identified the +2 hat of Ypaopam {Stlth+} (Okawaru gifted it to you on level 10 of the Dungeon)
 10367 | D:10     | Found a staircase to the Orcish Mines.
 10643 | D:11     | Noticed Nergalle
 10651 | D:11     | Killed Nergalle
 10852 | D:11     | Reached XP level 12. HP: 101/101 MP: 11/11
 11544 | D:12     | Found Etwe Owi's Book Emporium.
 11716 | D:12     | Found a portal to a secret trove of treasure.
 11769 | D:12     | Paralysed by a hornet for 1 turns
 12280 | Orc:1    | Entered Level 1 of the Orcish Mines
 12285 | Orc:1    | Noticed Urug
 12607 | Orc:1    | Killed Urug
 12674 | Orc:1    | Reached skill level 10 in Fighting
 12700 | Orc:1    | Reached skill level 10 in Armour
 13111 | Orc:2    | Entered Level 2 of the Orcish Mines
 13111 | Orc:2    | Found a staircase to the Elven Halls.
 13196 | Orc:2    | Reached skill level 10 in Shields
 13548 | Orc:2    | Reached skill level 18 in Long Blades
 13748 | Orc:2    | Noticed an orc high priest
 13931 | Orc:2    | Killed an orc high priest
 13933 | Orc:2    | Received a gift from Okawaru
 14022 | Orc:2    | Found Bic Ceac's Distillery.
 14067 | Orc:2    | Noticed an ogre mage
 14081 | Orc:2    | Paralysed by an ogre mage for 3 turns
 14089 | Orc:2    | Killed an ogre mage
 14215 | Orc:2    | Noticed an orc high priest
 14215 | Orc:2    | Noticed an orc high priest
 14276 | Orc:2    | Reached XP level 13. HP: 55/115 MP: 10/12
 14659 | Orc:2    | Found Iso Qala's Jewellery Shoppe.
 14659 | Orc:2    | Found Roemitu's Antique Armour Shop.
 14661 | Orc:2    | Found Huerphal's Food Shoppe.
 14661 | Orc:2    | Found Kytan's Jewellery Shop.
 14682 | Orc:2    | Bought a shimmering hat for 189 gold pieces
 14692 | Orc:2    | Identified the +2 hat "Fonayxaf" {+Blink MR- Dex+3} (You bought it in a shop on level 2 of the Orcish Mines)
 15155 | D:13     | Reached ****** piety under Okawaru
 15477 | D:13     | Received a gift from Okawaru
 15570 | D:14     | Received a gift from Okawaru
 15724 | D:14     | Found a gate to the Vaults.
 15750 | D:14     | Found Xaumeiri's Assorted Antiques.
 15909 | D:14     | Reached skill level 19 in Long Blades
 16419 | D:15     | Entered Level 15 of the Dungeon
 16772 | D:15     | Reached XP level 14. HP: 91/127 MP: 13/13
 17205 | D:15     | Received a gift from Okawaru
 18157 | Lair:3   | You fall through a shaft!
 18213 | Lair:4   | Found a staircase to the Swamp.
 19534 | Lair:4   | Received a gift from Okawaru
 19537 | Lair:4   | Got a pitted falchion {god gift}
 19541 | Lair:4   | Identified the +0 falchion of Haikk {slice, +Inv} (Okawaru gifted it to you on level 4 of the Lair of Beasts)
 20015 | Lair:6   | Entered Level 6 of the Lair of Beasts
 20133 | Lair:6   | Found a staircase to the Slime Pits.
 20133 | Lair:6   | Found a viscous altar of Jiyva.
 20424 | Spider:1 | Entered Level 1 of the Spider Nest
 20538 | Spider:1 | HP: 5/129 [redback (11)]
 20539 | Spider:1 | Slain by a wolf spider

Skill      XL: |  1  2  3  4  5  6  7  8  9 10 11 12 13 14 |
---------------+-------------------------------------------+-----
Long Blades    | 3 4 5 6 7 9 11 13 16 17 18 19 | 19.7
Throwing       | 1 |  1.0
Dodging        | 1 |  1.0
Fighting       | 6 9 10 12 13 | 13.6
Shields        | 6 8 10 12 13 | 13.3
Armour         | 6 8 10 12 13 | 13.4

Action                   |  1- 3 |  4- 6 |  7- 9 | 10-12 | 13-15 || total
-------------------------+-------+-------+-------+-------+-------++-------
Melee: Long sword        |   100 |   144 |   369 |   317 |       ||   930
       Headbutt          |     9 |    29 |    66 |   188 |   166 ||   458
       Scimitar          |       |       |       |   485 |   388 ||   873
       Spear             |       |       |       |     3 |       ||     3
       Demon blade       |       |       |       |       |   321 ||   321
Invok: Heroism           |       |       |     1 |     7 |     2 ||    10
Evoke: Wand              |       |       |       |       |     4 ||     4
  Use: Potion            |     1 |     6 |     4 |     8 |     7 ||    26
       Scroll            |       |     8 |     1 |    13 |    13 ||    35
  Eat: Chunk             |     2 |     6 |     8 |    15 |    12 ||    43
       Pizza             |       |       |     2 |       |     2 ||     4
       Beef jerky        |       |       |     1 |     1 |     1 ||     3
       Royal jelly       |       |       |     1 |     1 |       ||     2
       Fruit             |       |       |       |     5 |       ||     5
       Bread ration      |       |       |       |     1 |       ||     1
       Meat ration       |       |       |       |     1 |       ||     1
Armor: Scale mail        |    54 |    63 |     6 |       |       ||   123
       Chain mail        |       |       |    94 |       |       ||    94
       Plate armour      |       |       |    66 |   293 |   485 ||   844
       Skin              |       |       |       |     6 |       ||     6
Dodge: Dodged            |    34 |    37 |    65 |   135 |   149 ||   420
Block: Shield            |    47 |    77 |   159 |   364 |    37 ||   684
       Large shield      |       |       |       |       |   597 ||   597
       Rpst.: Long sword |    10 |    11 |    12 |    14 |       ||    47
       Scimitar          |       |       |       |    19 |    11 ||    30
       Demon blade       |       |       |       |       |    16 ||    16
